Map: King's Cove LE

Players

HuShang - Winner!

  • Race: Terran Terran
  • League: Master
  • Spawn Location: 11:00

BlueRidge

  • Race: Terran Terran
  • League: Master
  • Spawn Location: 5:00

VOD

Have the link to the VOD?

Description

Time

  • Played on: May 31, 2019, 6:07 p.m.
  • Length: 10:34
Show
View Real Time Build Order
Export as new Build Order

HuShang Terran - Winner!

Build Orders:  

Get SALT Encoding   

  12  0:00  SCV  
  13  0:13  SCV  
  14  0:18  Supply Depot  
  14  0:25  SCV  
  15  0:29  Refinery  
  15  0:40  SCV  
  16  0:46  Barracks  
  16  0:52  SCV  
  17  1:04  SCV  
  18  1:16  SCV  
  19  1:28  SCV  
  20  1:33  Reaper  
  21  1:40  Command Center  
  21  1:51  Orbital Command  
  21  2:02  Factory  
  21  2:08  Barracks Reactor  
  21  2:17  SCV, Supply Depot  
  22  2:23  Refinery  
  22  2:29  SCV  
  23  2:42  SCV  
  24  2:44  Marine x2  
  24  2:48  Factory Tech Lab  
  26  2:53  Orbital Command  
  26  2:54  SCV  
  27  3:02  Marine x2  
  29  3:06  Cyclone  
  29  3:08  SCV  
  33  3:20  SCV, Marine x2  
  33  3:25  Starport  
  36  3:29  SCV  
  37  3:35  SCV  
  37  3:41  SCV  
  39  3:47  SCV  
  40  3:53  SCV  
  40  3:54  Marine  
  45  3:57  Siege Tank  
  45  3:59  SCV  
  46  4:03  Starport Tech Lab, Refinery  
  46  4:05  Supply Depot  
  46  4:23  Supply Depot  
  46  4:26  SCV x2  
  47  4:34  Siege Tank  
  47  4:35  Raven  
  54  4:45  SCV x2  
  56  4:46  Supply Depot  
  56  4:47  Command Center  
  56  4:51  Marine x2  
  56  4:57  SCV x2  
  58  5:06  Siege Tank  
  61  5:09  SCV x2, Supply Depot  
  63  5:19  Raven  
  63  5:21  SCV x2  
  67  5:24  Supply Depot  
  67  5:33  SCV x2  
  67  5:34  Marine x2  
  71  5:38  Supply Depot  
  71  5:39  Siege Tank  
  74  5:45  SCV x2  
  74  5:47  Refinery  
  76  5:55  Supply Depot  
  78  5:57  SCV x2  
  78  6:02  Orbital Command  
  78  6:09  SCV x2, Barracks x2  
  80  6:14  Siege Tank  
  83  6:18  Marine  
  83  6:19  Stimpack  
  83  6:21  SCV x2  
  83  6:23  Orbital Command  
  83  6:24  Viking x2  
  90  6:31  Supply Depot x2  
  90  6:36  SCV x2, Marine  
  93  6:40  Engineering Bay x2  
  93  6:48  SCV x2  
  93  6:49  SCV  
  93  6:52  Supply Depot  
  93  6:53  Supply Depot  
  96  6:54  Marine  
  96  6:58  Barracks Reactor  
  96  7:00  SCV  
  98  7:02  SCV x2  
  98  7:06  Terran Infantry Weapons Level 1, Terran Infantry Armor Level 1  
  100  7:09  Starport Reactor  
  100  7:12  SCV  
  101  7:16  SCV x2, Barracks  
  101  7:18  Barracks  
  103  7:28  SCV x2  
  105  7:33  SCV  
  106  7:38  Refinery  
  106  7:40  SCV, Refinery  
  106  7:41  Marine x5  
  112  7:44  Armory  
  112  7:47  Command Center  
  112  7:56  SCV x3  
  115  7:58  Marine  
  115  7:59  Marine  
  115  8:00  Medivac x2, Marine  
  115  8:01  Marine x2  
  115  8:04  Barracks Reactor  
  115  8:05  Barracks Reactor  
  124  8:06  Factory  
  124  8:12  Supply Depot x2  
  124  8:15  Supply Depot  
  124  8:16  Marine x2  
  124  8:18  Marine  
  127  8:23  Missile Turret  
  127  8:35  Viking x2  
  127  8:37  Missile Turret, Sensor Tower  
  127  8:38  Marine x5  
  127  8:40  Combat Shield  
  136  8:49  Sensor Tower  
  135  8:55  Marine  
  135  8:56  Marine x7  
  135  9:00  Planetary Fortress  
  144  9:04  Siege Tank  
  144  9:05  Viking x2  
  144  9:06  Factory Tech Lab  
  150  9:32  Marine  
  150  9:33  Marine x8  
  150  9:35  Siege Tank  
  150  9:36  Siege Tank  
  150  9:37  Viking x2  
  169  9:50  Command Center  
  168  10:07  Marine x9  
Show
View Real Time Build Order
Export as new Build Order

BlueRidge Terran 

Build Orders: Mech 

Get SALT Encoding   

  12  0:00  SCV  
  13  0:13  SCV  
  14  0:18  Supply Depot  
  14  0:25  SCV  
  15  0:30  Refinery  
  15  0:40  SCV  
  16  0:47  Barracks  
  16  0:53  SCV  
  17  0:58  Refinery  
  17  1:05  SCV  
  18  1:19  SCV  
  20  1:35  Reaper  
  20  1:36  Orbital Command  
  20  1:42  Factory  
  20  1:50  Supply Depot  
  20  2:02  SCV  
  20  2:07  Reaper  
  22  2:14  SCV  
  23  2:31  Hellion  
  23  2:35  SCV  
  26  2:37  Command Center  
  26  2:41  Reaper  
  27  2:47  Starport  
  27  2:48  SCV  
  28  2:54  Hellion  
  30  3:00  SCV  
  31  3:07  Supply Depot  
  31  3:18  Factory Tech Lab  
  31  3:19  Barracks Tech Lab  
  31  3:29  SCV  
  33  3:41  SCV  
  33  3:48  Cyclone  
  33  3:51  Orbital Command  
  33  3:54  SCV  
  30  4:01  Barracks Reactor  
  30  4:03  Raven  
  30  4:23  SCV x2  
  31  4:35  Orbital Command  
  31  4:36  Command Center, Siege Tank  
  31  4:38  Marine x2  
  36  4:41  SCV  
  36  4:42  Refinery  
  36  4:43  Refinery  
  37  4:53  SCV  
  37  4:55  Marine  
  37  4:56  Marine  
  40  5:05  SCV  
  41  5:09  Hellion  
  41  5:10  SCV  
  41  5:13  Marine x2  
  46  5:15  Supply Depot  
  46  5:17  SCV  
  47  5:22  SCV  
  47  5:26  Raven  
  50  5:29  SCV  
  50  5:30  Siege Tank  
  54  5:37  SCV  
  55  5:43  SCV  
  55  5:47  Factory  
  56  5:51  Factory, Orbital Command  
  56  5:52  Refinery  
  56  5:53  Refinery  
  56  5:54  SCV  
  57  5:57  Marine  
  57  5:58  Marine  
  59  6:04  Siege Tank  
  59  6:10  SCV x2  
  64  6:19  Orbital Command  
  64  6:22  SCV x2  
  64  6:23  Barracks Tech Lab  
  66  6:27  Viking x2  
  70  6:34  SCV  
  70  6:38  SCV  
  72  6:44  Armory  
  72  6:46  SCV  
  73  6:47  Armory  
  73  6:49  Supply Depot  
  73  6:51  SCV  
  73  6:53  SCV  
  75  7:04  Hellion  
  77  7:11  SCV x3, Siege Tank  
  83  7:17  Supply Depot  
  83  7:21  Engineering Bay  
  83  7:23  SCV  
  83  7:27  SCV  
  84  7:31  Siege Tank  
  84  7:36  Siege Tank  
  77  7:42  Viking  
  77  7:43  Siege Tank  
  79  7:54  Viking  
  79  7:55  SCV  
  82  8:14  Orbital Command  
  82  8:15  Viking  
  82  8:17  Siege Tank  
  87  8:21  SCV, Refinery  
  87  8:24  Viking  
  90  8:29  SCV  
  90  8:33  SCV  
  91  8:40  SCV  
  92  8:41  Command Center  
  92  8:42  SCV  
  93  8:53  SCV, Siege Tank  
  93  8:55  SCV  
  98  8:56  SCV  
  98  8:59  Supply Depot  
  98  9:02  Siege Tank  
  97  9:11  Hellion  
  97  9:12  SCV  
  97  9:13  SCV  
  101  9:20  Factory  
  101  9:21  SCV, Viking  
  104  9:25  Siege Tank  
  104  9:26  Viking  
  104  9:28  Supply Depot  
  109  9:31  Supply Depot  
  109  9:36  SCV x2  
  111  9:42  Hellion x2  
  115  9:48  SCV x2  
  115  9:52  Missile Turret  
  117  9:53  Missile Turret, Supply Depot  
  117  9:55  Supply Depot  
  117  9:59  Missile Turret  
  115  10:01  Missile Turret  
  115  10:08  Sensor Tower  
  115  10:11  Missile Turret  
  115  10:16  Missile Turret, SCV  
  115  10:17  SCV x2, Sensor Tower  
Tags
 
Composition
Mech
Matchup
TvT
Race
Terran
Spawn Locations
Cross Positions
Add a new tag
Caveats
  • Supply blocks, unpowered buildings, or Contaminate may cause inaccurate times.
  • Supply counts are checked every 10 seconds.